 Dungeon Crawl Stone Soup version 0.31.0-11-ge490571c62 (webtiles) character file.

Game seed: 17730819409463882251

19422 Amaterasu the Thaumaturge (level 12, -8/108 HPs)
             Began as a Deep Elf Conjurer on Jan 26, 2024.
             Was a Priest of Vehumet.
             Mangled by a skyshark (21 damage)
             ... on level 2 of the Lair of Beasts on Jan 27, 2024.
             The game lasted 00:49:37 (14310 turns).

Amaterasu the Thaumaturge (Deep Elf Conjurer)      Turns: 14310, Time: 00:49:37

Health: -8/108     AC: 26    Str: 10    XL:     12   Next: 36%
Magic:  0/30       EV:  2    Int: 29    God:    Vehumet [***...]
Gold:   833        SH:  0    Dex: 24    Spells: 7/35 levels left

rFire   . . .        x - staff "Fethe" {rElec Dex+5 SInv Conj Air}
rCold   . . .        (no shield)
rNeg    . . .        z - melded +0 steam dragon scales
rPois   +            G - melded +0 helmet
rElec   +            e - melded +1 cloak
rCorr   .            t - melded +1 pair of gloves
SInv    +            (boots currently unavailable)
Will    +....        p - amulet of regeneration
Stlth   +++          H - +6 ring of dexterity
HPRegen 1.18/turn    q - +6 ring of strength
MPRegen 0.22/turn

%: no passive effects
@: tree-form
A: stationary, stasis, torment immunity, boosted hp
a: Renounce Religion


You were on level 2 of the Lair of Beasts.
You worshipped Vehumet.
Vehumet was most pleased with you.
You were a tree.
You visited 3 branches of the dungeon, and saw 14 of its levels.

You collected 833 gold pieces.

Inventory:

Hand Weapons
 o - a +3 dagger of venom
Armour
 e - a +1 cloak (melded)
 t - a +1 pair of gloves (melded)
 z - +0 steam dragon scales (melded)
 G - a +0 helmet (melded)
Magical Staves
 x - the staff "Fethe" (weapon) {rElec Dex+5 SInv Conj Air}
   (You found it on level 8 of the Dungeon)

   [staff of conjuration]

   Base accuracy: +5 Base damage: 5 Base attack delay: 1.2 This weapon's minimum
   attack delay (0.6) is reached at skill level 12.
   Dex+5:     It affects your dexterity (+5).
   rElec:     It insulates you from electricity.
   SInv:      It lets you see invisible.
   Conj:      It increases the power of your Conjurations spells.
   Air:       It increases the power of your Air spells.
   It falls into the 'Staves' category.
   It is a one-handed weapon.
Jewellery
 b - a ring of resist corrosion
 j - a ring of protection from cold
 k - a ring of positive energy
 p - an amulet of regeneration (around neck)
 q - a +6 ring of strength (right branch)
 H - a +6 ring of dexterity (left branch)
Wands
 m - a wand of mindburst (14)
 s - a wand of iceblast (6)
 y - a wand of polymorph (12)
 A - a wand of acid (8)
 D - a wand of flame (11)
Scrolls
 i - 3 scrolls of teleportation
 l - 3 scrolls of enchant weapon
 n - a scroll of amnesia
 v - 10 scrolls of identify
 w - a scroll of enchant armour
 B - a scroll of torment
 C - a scroll of revelation
 E - 3 scrolls of fear
 J - a scroll of vulnerability
Potions
 a - a potion of resistance
 c - 4 potions of attraction
 d - 2 potions of brilliance
 f - a potion of heal wounds
 g - 7 potions of curing
 h - 2 potions of lignification
 r - 2 potions of mutation
 u - 3 potions of might
 F - 4 potions of haste
 I - a potion of invisibility {unknown}


   Skills:
 * Level 7.3 Fighting
 * Level 5.8 Staves
 - Level 6.3 Armour
 - Level 7.1 Dodging
 - Level 2.4 Stealth
 - Level 12.0 Spellcasting
 - Level 8.1 Conjurations
 - Level 10.0 Necromancy
 * Level 5.4 Earth Magic
 - Level 4.1 Alchemy


You had 7 spell levels left.
You knew the following spells:

 Your Spells              Type           Power      Damage    Failure   Level
a - Magic Dart            Conj           100%       1d8       1%          1
b - Searing Ray           Conj           100%       2d8       1%          2
c - Fulminant Prism       Conj/Alch      34%        3d16      1%          4
d - Iskenderun's Mystic   Conj/Tloc      57%        2d12      1%          4
e - Death Channel         Necr           33%        N/A       8%          6
f - Stone Arrow           Conj/Erth      100%       3d13      1%          3
g - Borgnjor's Vile Clut  Necr/Erth      29%        N/A       3%          5
h - Mephitic Cloud        Conj/Alch/Air  75%        N/A       1%          3

Your spell library contained the following spells:

 Spells                   Type           Power      Damage    Failure   Level
 Necrotise                Necr           100%       1d9       1%          1
 Sandblast                Erth           96%        2d20      1%          1
 Sting                    Conj/Alch      100%       1d9       1%          1
 Cigotuvi's Dreadful Rot  Necr/Alch/Air  100%       N/A       1%          2
 Mercury Vapours          Alch/Air       88%        N/A       1%          2
 Passwall                 Erth           48%        N/A       1%          3
 Brom's Barrelling Bould  Conj/Erth      71%        2d8       1%          4
 Dispel Undead            Necr           66%        3d23      1%          4
 Olgreb's Toxic Radiance  Alch           41%        N/A       1%          4
 Apportation              Tloc           34%        N/A       3%          1
 Summon Small Mammal      Summ           68%        N/A       3%          1
 Martyr's Knell           Necr/Summ      46%        N/A       3%          4
 Jinxbite                 Hex            34%        N/A       4%          2
 Tukima's Dance           Hex            17%        N/A       9%          3
 Yara's Violent Unravell  Hex/Alch       14%        3d7       11%         5
 Alistair's Intoxication  Alch           27%        N/A       16%         5
 Eringya's Noxious Bog    Alch           20%        4d6       22%         6
 Passage of Golubria      Tloc           17%        N/A       30%         4
 Malign Gateway           Summ/Tloc      8%         N/A       100%        7
 Summon Horrible Things   Summ           8%         N/A       100%        8


Dungeon Overview and Level Annotations

Branches:
Dungeon (11/15)            Temple (1/1) D:7            Lair (2/5) D:11
 Shoals (0/4) Lair:2          Orc (0/2) D:11
  Snake: Lair:2-3    Spider: Lair:2-3

Altars:
Ashenzari
Cheibriados
Dithmenos
Elyvilon
Fedhas
Gozag
Hepliaklqana
Kikubaaqudgha
Makhleb
Nemelex Xobeh
Okawaru
Qazlal
Ru
Sif Muna
Trog
Uskayaw
Vehumet
Wu Jian
Xom
Yredelemnul
Zin
The Shining One

Shops:
D:6 :   D:8 *   D:11 [

Annotations:
Lair:2 3 runed translucent doors, Osmatob's ghost, journeyman FeSu


Message History

The skyshark tail-slaps you!
The polar bear growls angrily.
The skyshark rages.
The skyshark bites you! The skyshark tail-slaps you.
The skyshark tail-slaps you!
* * * LOW HITPOINT WARNING * * *
Casting: Stone Arrow (safe; 1% risk of failure)
Confirm with . or Enter, or press ? or * to list all spells.
Aiming: Stone Arrow (safe; 1% risk of failure)
Press: ? - help, Shift-Dir - straight line, f/p - skyshark
Aim: a skyshark (severely wounded, berserk, 84% to hit)
You feel a surge of power!
The stone arrow hits the skyshark!
The skyshark is almost dead.
The skyshark misses you. The skyshark barely misses you.
The skyshark misses you.
Okay, then.
You turn into a tree.
Your +1 cloak melds into your body.
Your +0 helmet melds into your body.
Your +1 pair of gloves melds into your body.
Your +0 steam dragon scales melds into your body.
Your roots penetrate the ground.
The skyshark bites you.
* * * LOW HITPOINT WARNING * * *
The skyshark tail-slaps you but does no damage. x2
The polar bear bites you but does no damage.
The polar bear claws you but does no damage. x2
The skyshark bites you!
* * * LOW HITPOINT WARNING * * *
The skyshark tail-slaps you but does no damage. x2
You hit the skyshark.
The skyshark is almost dead.
Osmatob's ghost says, "It's dangerous to adventure alone."
The polar bear bites you.
* * * LOW HITPOINT WARNING * * *
The polar bear claws you but does no damage. x2
The skyshark completely misses you.
The skyshark tail-slaps you but does no damage. x2
You hit the skyshark but do no damage.
The skyshark is almost dead.
The skyshark bites you!!
You die...

..#........#................#....
.................................
..#........#.....#########..#....
..#..............#.......#.......
<..#.#P..#.#.....#...#.$.#...##.#
.................+W.#.#!.#..#.#..
.................+FY...[.#.......
................F+SF#.#[.#.......
................♣#F..#...#.......
................h#h......#.......
.................#########.......
.................................
..#.##P#+.P#..................##.
...#####.###....#.##P..P.P....###
..###.##.##.....#.......##.....#.
..###....###...##........#.......
#.....##....#.........#.....#.


You could see 2 skysharks, an elephant, a polar bear, a cane toad, a water
moccasin, a wolf, a bullfrog and Osmatob's ghost.

Vanquished Creatures
  Fannar (Lair:2)
  A hydra (Lair:2)
  A boulder beetle (Lair:2)
  A two-headed ogre (D:10)
  Urug (Lair:2)
  Amaemon (D:11)
  Nergalle (D:11)
  An orange demon (D:11)
  5 cane toads
  2 unseen horrors (D:11)
  2 komodo dragons
  A kobold demonologist (D:8)
  A troll (D:11)
  2 polar bears (Lair:1)
  12 blink frogs (Lair:1)
  Sigmund (D:2)
  A wyvern (Lair:1)
  A basilisk (Lair:1)
  22 yaks
  A warg (D:11)
  A steam dragon (D:8)
  An acid dragon (D:10)
  4 water moccasins
  A black bear (Lair:1)
  3 ice beasts
  3 orc warriors
  An ogre (D:5)
  7 wolves
  9 centaurs
  2 phantoms
  4 kobold brigands
  9 bullfrogs
  4 scorpions
  2 gnoll sergeants
  7 killer bees
  5 howler monkeys
  3 hounds (D:5)
  A gnoll bouda (D:7)
  7 orc priests
  3 sleepcaps
  3 iguanas
  Ijyb (D:4)
  9 orc wizards
  Robin (D:2)
  12 gnolls
  6 adders
  2 white imps
  4 ufetubi
  2 dart slugs
  32 orcs
  5 endoplasms
  3 giant cockroaches
  19 goblins
  2 hobgoblins
  7 jackals
  3 quokkas
  8 ball pythons
  A frilled lizard (D:3)
  19 kobolds
  5 rats
  2 fulminant prisms
282 creatures vanquished.

Vanquished Creatures (collateral kills)
  A shadow (D:10)
  3 killer bees
4 creatures vanquished.

Vanquished Creatures (others)
  55 fulminant prisms
55 creatures vanquished.

Grand Total: 341 creatures vanquished

Notes
Turn   | Place    | Note
-------+----------+-------------------------------------------
     0 | D:1      | Amaterasu the Deep Elf Conjurer began the quest for the
                  | Orb.
     0 | D:1      | Reached XP level 1. HP: 10/10 MP: 6/6
   473 | D:1      | Reached XP level 2. HP: 15/15 MP: 4/8
   514 | D:1      | Learned a level 2 spell: Searing Ray
   662 | D:2      | Reached skill level 5 in Conjurations
   723 | D:2      | Noticed Sigmund
   777 | D:2      | Killed Sigmund
   778 | D:2      | Reached skill level 4 in Spellcasting
   778 | D:2      | Reached XP level 3. HP: 11/19 MP: 1/11
   778 | D:2      | Reached XP level 4. HP: 13/24 MP: 1/12
   778 | D:2      | Reached XP level 5. HP: 16/28 MP: 1/14
   783 | D:2      | Learned a level 4 spell: Fulminant Prism
   788 | D:2      | Learned a level 4 spell: Iskenderun's Mystic Blast
  1316 | D:2      | Noticed Robin
  1324 | D:2      | Killed Robin
  1764 | D:3      | Reached skill level 5 in Spellcasting
  2655 | D:4      | Reached XP level 6. HP: 33/33 MP: 8/15
  2789 | D:4      | Noticed Ijyb
  2939 | D:4      | Killed Ijyb
  3022 | D:4      | Found a white marble altar of Elyvilon.
  3194 | D:4      | Noticed an orc warrior
  3204 | D:4      | Killed an orc warrior
  3205 | D:4      | Reached skill level 1 in Armour
  3207 | D:4      | Reached skill level 1 in Fighting
  3207 | D:4      | Reached XP level 7. HP: 6/38 MP: 8/17
  3670 | D:4      | HP: 1/38 [centaur/arrow (15)]
  3672 | D:4      | Reached skill level 6 in Spellcasting
  3822 | D:4      | Learned a level 6 spell: Death Channel
  3991 | D:4      | Found a blossoming altar of Fedhas.
  4321 | D:5      | Entered Level 5 of the Dungeon
  4432 | D:5      | Reached skill level 1 in Necromancy
  4790 | D:5      | Reached XP level 8. HP: 44/44 MP: 5/19
  6059 | D:6      | Found Kakisicw's Tremendous Tomes.
  6118 | D:7      | Found a staircase to the Ecumenical Temple.
  6142 | Temple   | Entered the Ecumenical Temple
  6149 | Temple   | Became a worshipper of Vehumet
  6246 | D:7      | Reached skill level 5 in Necromancy
  6773 | D:7      | Reached XP level 9. HP: 52/52 MP: 13/20
  7098 | D:8      | Reached skill level 5 in Armour
  7173 | D:8      | Identified the staff "Fethe" {rElec Dex+5 SInv Conj Air}
  7365 | D:8      | Noticed a kobold demonologist
  7380 | D:8      | Killed a kobold demonologist
  7873 | D:8      | Found a glowing silver altar of Zin.
  7873 | D:8      | Found an ancient bone altar of Kikubaaqudgha.
  7876 | D:8      | Found a burning altar of Makhleb.
  7876 | D:8      | Found a glowing golden altar of the Shining One.
  7879 | D:8      | Found a basalt altar of Yredelemnul.
  8174 | D:8      | Reached * piety under Vehumet
  8174 | D:8      | Offered knowledge of Sandblast by Vehumet.
  8215 | D:8      | Found Odugadif's Assorted Antiques.
  8879 | D:9      | Found an opulent altar of Gozag.
  9083 | D:9      | Reached XP level 10. HP: 56/56 MP: 14/21
  9091 | D:9      | Reached skill level 10 in Necromancy
  9494 | D:10     | Entered Level 10 of the Dungeon
  9580 | D:10     | Found a shimmering blue altar of Sif Muna.
  9650 | D:10     | Noticed a two-headed ogre
  9652 | D:10     | Offered knowledge of Static Discharge by Vehumet.
  9653 | D:10     | Reached skill level 7 in Spellcasting
  9675 | D:10     | Reached ** piety under Vehumet
  9824 | D:10     | Killed a two-headed ogre
  9825 | D:10     | Reached skill level 8 in Spellcasting
 10046 | D:10     | Reached skill level 9 in Spellcasting
 10350 | D:11     | Found Fodwudd's Armour Shop.
 10418 | D:11     | Learned a level 3 spell: Stone Arrow
 10455 | D:11     | Reached skill level 5 in Dodging
 10461 | D:11     | Reached skill level 10 in Spellcasting
 10591 | D:11     | Reached skill level 5 in Fighting
 10731 | D:11     | Noticed Nergalle
 10744 | D:11     | Killed Nergalle
 10864 | D:11     | Noticed Amaemon
 10866 | D:11     | Noticed an orange demon
 10871 | D:11     | Killed Amaemon
 10872 | D:11     | Reached XP level 11. HP: 64/64 MP: 15/27
 10997 | D:11     | Reached skill level 1 in Staves
 11154 | D:11     | Offered knowledge of Hailstorm by Vehumet.
 11158 | D:11     | Reached skill level 11 in Spellcasting
 11267 | D:11     | Learned a level 5 spell: Borgnjor's Vile Clutch
 11279 | D:11     | Found a staircase to the Orcish Mines.
 11364 | D:11     | Found a staircase to the Lair.
 11621 | Lair:1   | Entered Level 1 of the Lair of Beasts
 11800 | Lair:1   | Reached skill level 1 in Alchemy
 11801 | Lair:1   | Reached skill level 12 in Spellcasting
 12125 | Lair:1   | Reached *** piety under Vehumet
 12329 | Lair:1   | Reached skill level 1 in Earth Magic
 12338 | Lair:1   | Reached XP level 12. HP: 67/71 MP: 13/30
 12634 | Lair:1   | Reached skill level 5 in Staves
 12761 | Lair:1   | Identified the +0 pair of gloves "Tidutsoz" {rC+ Will-
                  | Stlth+}
 12798 | Lair:1   | Found a shimmering altar of Xom.
 13440 | Lair:2   | Noticed an eight-headed hydra
 13447 | Lair:2   | Killed an eight-headed hydra
 13514 | Lair:2   | Noticed a boulder beetle
 13525 | Lair:2   | Found a staircase to the Shoals.
 13537 | Lair:2   | Noticed a catoblepas
 13691 | Lair:2   | Killed a boulder beetle
 13967 | Lair:2   | Offered knowledge of Mephitic Cloud by Vehumet.
 13972 | Lair:2   | Learned a level 3 spell: Mephitic Cloud
 14059 | Lair:2   | Noticed Osmatob's ghost (journeyman FeSu)
 14064 | Lair:2   | Found a runed translucent gate.
 14064 | Lair:2   | Found a runed translucent gate.
 14064 | Lair:2   | Found a runed translucent gate.
 14110 | Lair:2   | Noticed Urug
 14118 | Lair:2   | Killed Urug
 14233 | Lair:2   | Noticed Fannar
 14266 | Lair:2   | Killed Fannar
 14267 | Lair:2   | Reached skill level 5 in Earth Magic
 14310 | Lair:2   | Mangled by a skyshark

Illustrated notes

Levels and vault maps discovered:
D:1:      scummos_arrival_simple_crosswalls, layout_loops_ring
D:2:      layout_basic, kennysheep_generic_room_7, uniq_sigmund, uniq_robin
D:3:      layout_loops_corners
D:4:      layout_basic, mainiacjoe_overflow_catwalk,
          nicolae_elyvilon_peaceful_grove, uniq_ijyb
D:5:      layout_cave_pools, minmay_misc_feat_chi,
          chequers_serial_rivers_small_a, hangedman_decor_slide_cut,
          kennysheep_decorative_pillar, chequers_hall_statues_y
D:6:      layout_rooms, nicolae_shop_i_like_big_books, minmay_stone_trees_small
D:7:      layout_loops_ring, minmay_temple_entry_statues_fountains,
          grunt_ministairs_12
D:8:      layout_basic, grunt_temple_overflow_open, serial_shops, shop
D:9:      layout_cave_pods, kennysheep_mini,
          nicolae_concentric_dashed_squares_mild
D:10:     layout_big_octagon, led_sif_pool, columned_hall_lemuel
D:11:     layout_irregular_city, erik_lair_orcish_takeover, orc_0_dummy,
          serial_shops, nicolae_stop_n_shop_1, uniq_nergalle, uniq_amaemon
Temple:   cyrus_circular_temple
Lair:1:   layout_regular_city, lemuel_centaur_altar, grunt_megastairs_5
Lair:2:   layout_regular_city, shoals_dummy_entry, gammafunk_ghost_split,
          lemuel_fruit_fields, uniq_fannar, uniq_urug

Skill      XL: |  1  2  3  4  5  6  7  8  9 10 11 12 |
---------------+-------------------------------------+-----
Conjurations   | 6 7 8 |  8.1
Spellcasting   | 4 5 6 10 12 | 12.0
Armour         | 1 3 4 6 |  6.3
Fighting       | 1 2 4 5 6 7 |  7.3
Necromancy     | 2 5 9 10 | 10.0
Dodging        | 6 7 |  7.1
Staves         | 4 5 |  5.8
Alchemy        | 4 |  4.1
Earth Magic    | 1 5 |  5.4
Stealth        | |  2.4

Action                     |  1- 3 |  4- 6 |  7- 9 | 10-12 || total
---------------------------+-------+-------+-------+-------++-------
  Melee: Unarmed           |       |     1 |       |       ||     1
         Dagger            |       |       |     6 |       ||     6
         Staff             |       |       |       |    90 ||    90
         Punch             |       |       |       |     2 ||     2
   Cast: Magic Dart        |    18 |    85 |   123 |    51 ||   277
         Searing Ray       |     3 |    10 |    70 |    21 ||   104
         Fulminant Prism   |       |       |    13 |    44 ||    57
         Stone Arrow       |       |       |       |    96 ||    96
         Death Channel     |       |       |       |     2 ||     2
         Iskenderun's Myst |       |       |       |    16 ||    16
         Borgnjor's Vile C |       |       |       |     6 ||     6
         Mephitic Cloud    |       |       |       |     2 ||     2
    Use: Scroll            |       |     7 |    10 |     7 ||    24
         Potion            |       |       |       |     7 ||     7
   Stab: Sleeping          |       |       |       |     1 ||     1
 Armour: Robe              |     3 |     4 |    11 |       ||    18
         Ring mail         |       |    12 |    44 |       ||    56
         Steam dragon scal |       |       |     9 |   142 ||   151
         Skin              |       |       |       |    80 ||    80
  Dodge: Dodged            |     3 |    11 |    37 |   155 ||   206
